 Dungeon Crawl Stone Soup version 0.28.0-62-gf88900778d (webtiles) character file.

Game seed: 606323854730073874

30 cbfl8 the Poker (level 3, -2/27 HPs)
             Began as a Demonspawn Gladiator on Mar 8, 2023.
             Slain by an orc wizard
             ... wielding a +0 dagger
              (4 damage)
             ... on level 2 of the Dungeon.
             The game lasted 00:01:06 (1012 turns).

cbfl8 the Poker (Demonspawn Gladiator)              Turns: 1012, Time: 00:01:07

Health: -2/27      AC:  5    Str: 14    XL:     3   Next: 5%
Magic:  3/3        EV: 11    Int:  9    God:
Gold:   24         SH:  0    Dex: 16    Spells: 2/2 levels left

rFire   . . .      SeeInvis .   a - +0 trident
rCold   . . .      Faith    .   (no shield)
rNeg    . . .      Spirit   .   f - +0 ring mail
rPois   .          Reflect  .   (helmet restricted)
rElec   .          Harm     .   (no cloak)
rCorr   .          Rampage  .   (no gloves)
Will    .....                   (no boots)
Stlth   +.........              (no amulet)
HPRegen 0.09/turn               (no ring)
MPRegen 0.08/turn               (no ring)

@: no status effects
A: horns 1
a: no special abilities


You were on level 2 of the Dungeon.
You visited 1 branch of the dungeon, and saw 2 of its levels.

You collected 24 gold pieces.

Inventory:

Hand Weapons
 a - a +0 trident (weapon)
Missiles
 d - 3 throwing nets (quivered)
Armour
 f - a +0 ring mail (worn)
Scrolls
 b - a scroll of holy word {unknown}
 h - a scroll of identify {unknown}
 i - a scroll of enchant armour {unknown}
Potions
 c - 3 potions of curing {unknown}
 e - a potion of cancellation {unknown}
 g - a potion of mutation {unknown}


   Skills:
 * Level 2.2 Fighting
 * Level 3.1 Polearms
 - Level 1.8 Throwing
 + Level 0.1 Armour
 + Level 3.1 Dodging
 * Level 0.6 Evocations


You had 2 spell levels left.
You didn't know any spells.
Your spell library contained the following spells:

 Spells                   Type           Power      Damage    Failure   Level
 Conjure Flame            Conj/Fire      0%         6-21      94%         3
 Ignite Poison            Fire/Tmut/Pois 0%         N/A       94%         3
 Sticky Flame             Conj/Fire      0%         2d3       100%        4


Dungeon Overview and Level Annotations

Branches:
Dungeon (2/15)

Altars:


Innate Abilities, Weirdness & Mutations

You have a pair of small horns on your head.


Message History

There is a strange disturbance nearby!
No target in view!
There is a strange disturbance nearby!
No target in view!
You completely miss something. Something hits you.
You closely miss something. Something hits you.
You hit something. Something hits you but does no damage.
You barely miss something. Something completely misses you.
Something hits you but does no damage.
You closely miss something.
You hear some strange, mumbled words.
A magic dart appears from out of thin air!
The magic dart hits you!
* * * LOW HITPOINT WARNING * * *
You closely miss something. Something hits you but does no damage.
You hit something. Something completely misses you.
You closely miss something. Your headbutt misses something. Something hits you.
* * * LOW HITPOINT WARNING * * *
You barely miss something. Something hits you.
* * * LOW HITPOINT WARNING * * *
You closely miss something. Your headbutt misses something. Something hits you.
* * * LOW HITPOINT WARNING * * *
You miss something. Something hits you.
* * * LOW HITPOINT WARNING * * *
Something hits you but does no damage.
You hit something. Something completely misses you.
You miss something. Your headbutt misses something.
Something hits you but does no damage.
You barely miss something.
You hear some strange, mumbled words.
You are confused.
You barely miss something. Your headbutt misses something.
Something hits you but does no damage.
You completely miss something. Your headbutt misses something.
Something hits you but does no damage.
Found a stone staircase leading up.
Something hits you but does no damage.
You closely miss something.
You feel less confused. Something hits you but does no damage.
Something hits you.
You die...

### #####..
........# ####
........# ...#
...$....# ....#
........##..<.##
................
........@######### .
......)†..........
......)..#........
######+#...#......
#........#. #.
#.....#.......... ..
#.....#.......... .
#.....#..#######.#
#####
###.....#..........#
#....


There were no monsters in sight!

Vanquished Creatures
  2 orcs (D:2)
  2 endoplasms (D:1)
  2 giant cockroaches (D:1)
  3 jackals (D:1)
  4 kobolds (D:1)
  3 ball pythons
  3 bats (D:1)
  4 frilled lizards
  5 rats (D:1)
28 creatures vanquished.

Notes
Turn   | Place    | Note
-------+----------+-------------------------------------------
     0 | D:1      | cbfl8 the Demonspawn Gladiator began the quest for the Orb.
     0 | D:1      | Reached XP level 1. HP: 16/16 MP: 1/1
   110 | D:1      | Discovered your monstrous ancestry.
   110 | D:1      | Gained mutation: You have a pair of small horns on your
                  | head. [demonic ancestry]
   110 | D:1      | Reached XP level 2. HP: 22/22 MP: 2/2
   848 | D:1      | Found a faded altar of an unknown god.
   992 | D:2      | Reached XP level 3. HP: 22/27 MP: 3/3
  1004 | D:2      | HP: 1/27 [something (3)]
  1012 | D:2      | Slain by an orc wizard

Illustrated notes

Levels and vault maps discovered:
D:1:      noname_arrival_rooms_in_the_neighbourhood, layout_loops_ring,
          shapermc_ecumenical_altar_petra
D:2:      layout_basic

Skill      XL: |  1  2 |
---------------+-------+-----
Polearms       | 3 |  3.1
Dodging        | 3 |  3.1
Fighting       | |  2.2
Throwing       | |  1.8
Armour         | |  0.1
Evocations     | |  0.6

Action                   || total
-------------------------++-------
Melee: Trident           ||    94
       Headbutt          ||     7
Armor: Leather armour    ||    22
       Ring mail         ||    17
Dodge: Dodged            ||    29
